 Dungeon Crawl Stone Soup version 0.24.0-10-g970556be89 (console) character file.

Game seed: 442855368110881422, levelgen mode: deterministic

3753 AlterAsc the Grappler (level 9, -10/90 HPs)
             Began as a Green Draconian Transmuter on Nov 3, 2019.
             Was a Priest of Cheibriados.
             Mangled by an eight-headed hydra (11 damage)
             ... on level 8 of the Dungeon.
             The game lasted 00:25:31 (8329 turns).

AlterAsc the Grappler (Green Draconian Transmuter)  Turns: 8329, Time: 00:25:32

Health: -10/90     AC:  6    Str: 23    XL:     9   Next: 93%
Magic:  14/18      EV: 12    Int: 21    God:    Cheibriados [***...]
Gold:   475        SH:  0    Dex: 25    Spells: 8/21 levels left

rFire    x . .     SeeInvis .     - Unarmed
rCold    + + +     Gourm    .   (shield currently unavailable)
rNeg     . . .     Faith    .   (armour unavailable)
rPois    +         Spirit   .   (helmet currently unavailable)
rElec    .         Reflect  .   (cloak currently unavailable)
rCorr    +         Harm     .   (gloves currently unavailable)
MR       .....                  (boots currently unavailable)
Stlth    ++........             (no amulet)
HPRegen  0.25/turn              t - ring of resist corrosion
MPRegen  0.16/turn              p - ring of Kosiox {rPois Dex+7}

@: ice-form, very slow
A: large, (breathe noxious fumes), unfitting armour, AC +7
a: End Transformation, Bend Time, Temporal Distortion, Renounce Religion


You were on level 8 of the Dungeon.
You worshipped Cheibriados.
Cheibriados was most pleased with you.
You were not hungry.
You were a creature of crystalline ice.
You visited 2 branches of the dungeon, and saw 9 of its levels.

You collected 495 gold pieces.
You spent 20 gold pieces at shops.

Inventory:

Missiles
 z - 23 arrows
 B - a throwing net (quivered)
Armour
 r - a +0 pair of gloves (melded)
 F - a +2 pair of boots (melded)
Jewellery
 a - a cursed ring of attention {unknown}
 h - an uncursed ring of poison resistance
 p - the ring of Kosiox (right front paw) {rPois Dex+7}
   (You found it on level 4 of the Dungeon)

   [ring of poison resistance]

   It affects your dexterity (+7).
   It protects you from poison.
 t - a ring of resist corrosion (left front paw)
Wands
 d - a wand of paralysis (5)
 w - a wand of polymorph (3)
 x - a wand of disintegration (10)
 y - a wand of acid (11)
 C - a wand of digging (5)
 D - a wand of scattershot (6)
Scrolls
 i - a scroll of fog {unknown}
 k - 7 scrolls of remove curse
 n - a scroll of immolation {unknown}
 q - 2 scrolls of fear
 s - 2 scrolls of amnesia {unknown}
 v - 3 scrolls of teleportation {unknown}
 A - a scroll of enchant weapon {unknown}
Potions
 b - 3 potions of resistance
 e - 4 potions of curing
 f - 3 potions of heal wounds
 g - 3 potions of might
 j - 2 potions of magic {unknown}
 m - 3 potions of flight
 o - a potion of brilliance
 u - 3 potions of degeneration {unknown}
Comestibles
 c - 13 rations


   Skills:
 + Level 5.8 Fighting
 - Level 3.0 Dodging
 * Level 9.0 Unarmed Combat
 + Level 6.5 Spellcasting
 + Level 7.5 Transmutations


You had 8 spell levels left.
You knew the following spells:

 Your Spells              Type           Power        Failure   Level  Hunger
a - Beastly Appendage     Tmut           #####.       1%          1    None
b - Sticks to Snakes      Tmut           #####...     1%          2    None
c - Blade Hands           Tmut           #####.....   12%         5    #####..
d - Ice Form              Ice/Tmut       ###.....     21%         4    ###....
e - Corona                Hex            #......      10%         1    None

Your spell library contained the following spells:

 Spells                   Type           Power        Failure   Level  Hunger
 Spider Form              Tmut/Pois      ###.......   6%          3    #......
 Ensorcelled Hibernation  Hex/Ice        #.....       14%         2    None
 Confuse                  Hex            #.......     28%         3    #......
 Dazzling Spray           Conj/Hex       #.....       28%         3    #......
 Tukima's Dance           Hex            #.......     28%         3    #......


Dungeon Overview and Level Annotations

Branches:
Dungeon (8/15)             Temple (1/1) D:4
   Lair: D:8-11

Altars:
Ashenzari
Cheibriados
Dithmenos
Elyvilon
Fedhas
Gozag
Hepliaklqana
Kikubaaqudgha
Makhleb
Nemelex Xobeh
Okawaru
Qazlal
Ru
Sif Muna
Trog
Uskayaw
Vehumet
Wu Jian
Xom
Yredelemnul
Zin
The Shining One

Shops:
D:6 !*?(

Annotations:
D:3 Sigmund
D:4 exclusion: ogre
D:5 2 runed translucent doors, exclusions: ice beast and ogre
D:8 Erica


Innate Abilities, Weirdness & Mutations

((You can breathe blasts of noxious fumes.))
((Your lurid green scales are hard. (AC +7)))
You cannot fit into any form of body armour.
((Your system is resistant to poisons. (rPois)))
((You are cold-blooded and may be slowed by cold attacks.))


Message History

The eight-headed hydra bites you but does no damage.
The eight-headed hydra closely misses you.
The eight-headed hydra bites you but does no damage.
The eight-headed hydra completely misses you.
The eight-headed hydra barely misses you. x2
The eight-headed hydra bites you!
The eight-headed hydra bites you but does no damage.
Press: ? - help, v - describe, . - travel
Here: an eight-headed hydra (severely wounded)
The floor, spattered with blood.
You hit the eight-headed hydra but do no damage.
The eight-headed hydra is severely wounded.
The eight-headed hydra bites you. The eight-headed hydra bites you!
* * * LOW HITPOINT WARNING * * *
The eight-headed hydra bites you.
* * * LOW HITPOINT WARNING * * *
The eight-headed hydra bites you!
* * * LOW HITPOINT WARNING * * *
The eight-headed hydra bites you!
You die...

z..............).................
#.......#....#.#.##.....######..
##.......##.###.#......#....# #.#
............#.>....#...#..#.# #.#
##......###.#.#.##........#.# #..
...##'### ..#.#...<..)......# ###
# #. #.#.###.#....#..#.###.. .
..#.#.#.D)).......#.....# ..
.......Y.#.#.###.#####.# ##
..#.#....)#.......# # .
#........)###.##### @.
###.##....# #.#...# .. ##...#
#.#...# .#####..## #.#<..#
#.....[## #.#...# #.###.[.#
#.#...### #...###.#.....#


You could see an eight-headed hydra.

Vanquished Creatures
  Pikel (D:7)
  2 hippogriffs
  Grum (D:8)
  2 orc warriors
  3 ice beasts
  2 sky beasts (D:7)
  A slave (D:7)
  3 phantoms
  3 wolves (D:8)
  2 ogres
  A bullfrog (D:8)
  3 scorpions
  6 killer bees (D:7)
  5 wights (D:6)
  A hound (D:4)
  A centaur skeleton (D:6)
  3 orc priests
  6 orc wizards
  2 iguanas
  Natasha (D:2)
  4 worker ants
  A hound skeleton (D:7)
  5 adders
  An ooze (D:4)
  A worm (D:4)
  3 dart slugs
  7 leopard geckos
  18 orcs
  7 bats
  5 giant cockroaches
  8 goblins
  4 hobgoblins (D:1)
  4 jackals
  5 kobolds
  6 quokkas
  8 frilled lizards
  A jackal zombie (D:5)
  A leopard gecko zombie (D:6)
  A quokka skeleton (D:5)
  5 rats
144 creatures vanquished.

Vanquished Creatures (collateral kills)
  Grinder (D:5)
  An ice beast (D:5)
  3 orcs (D:4)
  A hobgoblin (D:1)
  A frilled lizard (D:4)
7 creatures vanquished.

Vanquished Creatures (others)
  2 slaves (D:7)
  A centaur (D:7)
3 creatures vanquished.

Grand Total: 154 creatures vanquished

Notes
Turn   | Place    | Note
-------+----------+-------------------------------------------
     0 | D:1      | AlterAsc the Draconian Transmuter began the quest for the
                  | Orb.
     0 | D:1      | Reached XP level 1. HP: 16/16 MP: 3/3
   240 | D:1      | Reached XP level 2. HP: 23/23 MP: 3/5
   450 | D:1      | Learned a level 2 spell: Sticks to Snakes
   692 | D:1      | Reached XP level 3. HP: 21/29 MP: 4/6
  1563 | D:2      | Noticed Natasha
  1577 | D:2      | Killed Natasha
  1577 | D:2      | Reached XP level 4. HP: 15/36 MP: 1/7
  2002 | D:3      | Found a sparkling altar of Nemelex Xobeh.
  2394 | D:3      | Noticed Sigmund
  2401 | D:4      | Found a staircase to the Ecumenical Temple.
  2463 | D:4      | Got a steaming brass ring
  2473 | D:4      | Identified the ring of Kosiox {rPois Dex+7} (You found it
                  | on level 4 of the Dungeon)
  2640 | Temple   | Entered the Ecumenical Temple
  2671 | Temple   | Became a worshipper of Cheibriados the Contemplative
  3225 | D:4      | Reached XP level 5. HP: 35/42 MP: 6/9
  3521 | D:4      | Noticed an ogre
  3697 | D:5      | Entered Level 5 of the Dungeon
  3697 | D:5      | Noticed a phantom
  3772 | D:5      | Killed a phantom
  3772 | D:5      | Reached skill level 4 in Unarmed Combat
  4034 | D:5      | Reached XP level 6. HP: 41/51 MP: 6/10
  4443 | D:5      | Reached * piety under Cheibriados
  4447 | D:5      | Found a runed translucent door.
  4448 | D:5      | Found a runed translucent door.
  4451 | D:5      | Noticed an ice beast
  4952 | D:5      | Noticed Grinder
  4963 | D:5      | Paralysed by Grinder for 7 turns
  4973 | D:5      | Killed Grinder
  5026 | D:5      | Noticed an ice beast
  5039 | D:5      | Killed an ice beast
  5039 | D:5      | Your scales start taking on a lurid green colour.
  5039 | D:5      | Reached XP level 7. HP: 33/57 MP: 7/13
  5039 | D:5      | Gained mutation: Your system is resistant to poisons.
                  | (rPois) [Green Draconian growth]
  5241 | D:6      | Found Uhyroasheyrr's Magic Scroll Shop.
  5244 | D:6      | Bought a scroll of identify for 20 gold pieces
  5523 | D:6      | Reached skill level 5 in Transmutations
  5568 | D:6      | Found Haofirremmi's Distillery.
  5660 | D:6      | Found a sacrificial altar of Ru.
  5705 | D:6      | Noticed a hippogriff
  5717 | D:6      | Killed a hippogriff
  5717 | D:6      | Reached skill level 5 in Unarmed Combat
  5717 | D:6      | Reached skill level 5 in Spellcasting
  5717 | D:6      | Reached XP level 8. HP: 57/63 MP: 15/15
  5772 | D:6      | Learned a level 5 spell: Blade Hands
  5777 | D:6      | Learned a level 4 spell: Ice Form
  5779 | D:6      | Learned a level 1 spell: Corona
  6241 | D:6      | Found Fipreoru's Weapon Emporium.
  6272 | D:6      | Found Cyqupast's Assorted Antiques.
  6542 | D:7      | Reached ** piety under Cheibriados
  6806 | D:7      | Reached skill level 6 in Unarmed Combat
  6948 | D:7      | Reached XP level 9. HP: 54/70 MP: 13/18
  7086 | D:7      | Noticed Pikel
  7094 | D:7      | Killed Pikel
  7094 | D:7      | Reached skill level 7 in Unarmed Combat
  7675 | D:8      | Reached skill level 5 in Fighting
  7675 | D:8      | Reached skill level 8 in Unarmed Combat
  7768 | D:8      | Noticed Grum
  7772 | D:8      | Reached *** piety under Cheibriados
  7812 | D:8      | Killed Grum
  8020 | D:8      | Noticed Erica
  8066 | D:8      | Reached skill level 9 in Unarmed Combat
  8066 | D:8      | Noticed an eight-headed hydra
  8329 | D:8      | HP: 1/90 [eight-headed hydra (16)]
  8329 | D:8      | Mangled by an eight-headed hydra

Levels and vault maps discovered:
D:1:      erik_arrival_blinker_ship, layout_basic
D:2:      layout_loops_ring, uniq_natasha
D:3:      layout_loops_ring, nemelex_lonely_heart_becter, uniq_sigmund
D:4:      layout_loops_ring, minmay_temple_entry_tees, first_ration
D:5:      lemuel_insect_pit, layout_layer_cave, uniq_grinder
D:6:      layout_loops_corners, nicolae_ru_great_annihilating_truth,
          serial_shops, shop, kennysheep_mini, shop, nicolae_shop_behind_doors
D:7:      layout_loops_corners, grunt_ogre_cave, uniq_pikel
D:8:      layout_basic, uniq_erica, uniq_grum
Temple:   regret_index_temple_sigil_plot

Skill      XL: |  1  2  3  4  5  6  7  8  9 |
---------------+----------------------------+-----
Dodging        | 2 3 |  3.0
Fighting       | 2 3 5 |  5.8
Transmutations | 3 4 5 7 |  7.5
Unarmed Combat | 4 5 6 9 |  9.0
Spellcasting   | 3 4 5 6 |  6.5

Action                   |  1- 3 |  4- 6 |  7- 9 || total
-------------------------+-------+-------+-------++-------
Melee: Unarmed           |   118 |   160 |   202 ||   480
       Kick              |     8 |     8 |    23 ||    39
       Headbutt          |     2 |    18 |     5 ||    25
       Tailslap          |     9 |    26 |    36 ||    71
       Punch             |     2 |     1 |    12 ||    15
 Cast: Beastly Appendage |    19 |    27 |    12 ||    58
       Sticks to Snakes  |     3 |    24 |       ||    27
       Blade Hands       |       |       |    21 ||    21
       Ice Form          |       |       |     1 ||     1
Invok: Bend Time         |       |       |     2 ||     2
  Use: Scroll            |       |       |    11 ||    11
       Potion            |       |       |     3 ||     3
 Stab: Sleeping          |     1 |     1 |     3 ||     5
       Distracted        |       |     2 |       ||     2
       Invisible         |       |       |     1 ||     1
       Paralysed         |       |       |     1 ||     1
  Eat: Chunk             |     3 |     8 |     7 ||    18
       Ration            |       |     1 |     2 ||     3
Armor: Skin              |    43 |    53 |    44 ||   140
Dodge: Dodged            |    77 |    96 |   142 ||   315
